| TOP OF THE 1ST |
|
Binghamton Mets batting - Pitching for Great Lakes Loons : RHP Arturo Naranjo
|
|
Pitching: RHP Arturo Naranjo
|
|
|
Batting: RHB Oscar Bravo
|
0-0: Ball 1-0: Ball 2-0: Called Strike 2-1: Ball 3-1: Foul Ball, location: 2F 3-2: Foul Ball, location: 2F 3-2: Base on Balls
|
|
Batting: RHB Jack Nickleberry
|
0-0: Called Strike 0-1: Called Strike 0-2: Ball Passed Ball! Oscar Bravo to second 1-2: Ball 2-2: Foul Ball, location: 2F 2-2: Ball 3-2: Strikes out swinging
|
|
Batting: RHB Chris Artz
|
0-0: SINGLE (Line Drive, 7S, EV 94.4 MPH) Oscar Bravo to third Runner from 3rd tries for Home, SAFE, throw by LF to home
|
|
Batting: SHB Alex Cavazos
|
0-0: Called Strike Chris Artz steals 2nd base 0-1: Ball Wild Pitch! Chris Artz to third 1-1: Ball 2-1: Ground out 6-3 (Groundball, 6, EV 86.9 MPH) Chris Artz scores
|
|
Batting: SHB Jerry Burrows
|
0-0: Swinging Strike 0-1: SINGLE (Groundball, 6MD, EV 100.0 MPH)
|
|
Batting: SHB Keith Casner
|
0-0: Called Strike 0-1: Ground out 4-3 (Groundball, 34D, EV 78.8 MPH)
|
| Top of the 1st over - 2 runs, 2 hits, 0 errors, 1 left on base; Binghamton 2 - Great Lakes 0 |
| BOTTOM OF THE 1ST |
|
Great Lakes Loons batting - Pitching for Binghamton Mets : RHP Jean-Pierre Carpentier
|
|
Pitching: RHP Jean-Pierre Carpentier
|
|
|
Now at SS: Masatoshi Akahoshi
|
|
|
Batting: LHB Enrique Andrade
|
0-0: Swinging Strike 0-1: Ball 1-1: Ball 2-1: Foul Ball, location: 2F 2-2: Foul Ball, location: 2F 2-2: Ball 3-2: Foul Ball, location: 2F 3-2: Base on Balls
|
|
Batting: LHB Stephen Van Raalte
|
0-0: Ball Enrique Andrade steals 2nd base 1-0: Swinging Strike 1-1: Ball 2-1: Foul Ball, location: 2F 2-2: Ball 3-2: Base on Balls
|
|
Batting: SHB Todd Hewitt
|
0-0: Ball 1-0: Ball 2-0: 3-RUN HOME RUN (Flyball, 78XD, EV 111.2 MPH), Distance : 426 ft
|
|
Batting: LHB Kevin Wiebe
|
0-0: Ball 1-0: Foul Ball, location: 2F 1-1: SOLO HOME RUN (Flyball, 89XD, EV 98.1 MPH), Distance : 381 ft
|
|
Batting: RHB Blake Beale
|
0-0: Ball 1-0: Foul Ball, location: 2F 1-1: Swinging Strike 1-2: Ball 2-2: SINGLE (Groundball, 6, EV 99.4 MPH)
|
|
Batting: RHB Devon Fourcade
|
0-0: Called Strike 0-1: Ground out 5-3 (Groundball, 5S, EV 70.0 MPH) Blake Beale to second
|
|
Batting: RHB Roger Simmons
|
0-0: Ball 1-0: Ball 2-0: Called Strike 2-1: Ground out 6-3 (Groundball, 6, EV 83.8 MPH)
|
|
Batting: RHB Trevor Conklin
|
0-0: Ball 1-0: Ball 2-0: Ground out 4-3 (Groundball, 4M, EV 108.1 MPH)
|
| Bottom of the 1st over - 4 runs, 3 hits, 0 errors, 1 left on base; Binghamton 2 - Great Lakes 4 |
| TOP OF THE 2ND |
|
Binghamton Mets batting - Pitching for Great Lakes Loons : RHP Arturo Naranjo
|
|
Batting: RHB Jim Freels
|
0-0: Ball 1-0: Foul Ball, location: 2F 1-1: Foul Ball, location: 2F 1-2: Strikes out looking
|
|
Batting: RHB Mike Hanks
|
0-0: DOUBLE (Flyball, 8RXD, EV 106.9 MPH)
|
|
Batting: RHB Michael Youngberry
|
0-0: Ball 1-0: Called Strike 1-1: SINGLE (Line Drive, 6MD, EV 103.8 MPH) Mike Hanks to third
|
|
Batting: SHB Masatoshi Akahoshi
|
0-0: Fly out, F9 (Flyball, 9LS, EV 97.5 MPH)
|
|
Batting: RHB Jack Nickleberry
|
0-0: Ground out 4-3 (Groundball, 4, EV 86.2 MPH)
|
| Top of the 2nd over - 0 runs, 2 hits, 0 errors, 2 left on base; Binghamton 2 - Great Lakes 4 |
| BOTTOM OF THE 2ND |
|
Great Lakes Loons batting - Pitching for Binghamton Mets : RHP Jean-Pierre Carpentier
|
|
Batting: RHB Roberto Monzon
|
0-0: Ball 1-0: Called Strike 1-1: Called Strike 1-2: Strikes out swinging
|
|
Batting: LHB Enrique Andrade
|
0-0: Called Strike 0-1: Ball 1-1: SINGLE (Groundball, 34D, EV 96.2 MPH) (infield hit)
|
|
Batting: LHB Stephen Van Raalte
|
0-0: Called Strike Enrique Andrade steals 2nd base 0-1: Ball 1-1: Foul Ball, location: 2F 1-2: Foul Ball, location: 2F 1-2: Foul Ball, location: 2F 1-2: Fly out, F8 (Flyball, 8LXD, EV 100.0 MPH) Runner from 2nd tags up, SAFE at 3rd, no throw by CF
|
|
Batting: SHB Todd Hewitt
|
0-0: Ball 1-0: Ball Wild Pitch! Enrique Andrade scores 2-0: DOUBLE (Groundball, 3L, EV 97.5 MPH)
|
|
Batting: LHB Kevin Wiebe
|
0-0: Called Strike 0-1: Foul Ball, location: 2F 0-2: Ball 1-2: Hit by Pitch
|
|
Pitching: RHP Gabe Kelso
|
|
|
Batting: RHB Blake Beale
|
0-0: Swinging Strike 0-1: Swinging Strike 0-2: Ball 1-2: Foul Ball, location: 2F 1-2: Ball 2-2: Fly out, F4 (Line Drive, 4M, EV 70.6 MPH)
|
| Bottom of the 2nd over - 1 run, 2 hits, 0 errors, 2 left on base; Binghamton 2 - Great Lakes 5 |
| TOP OF THE 3RD |
|
Binghamton Mets batting - Pitching for Great Lakes Loons : RHP Arturo Naranjo
|
|
Batting: RHB Chris Artz
|
0-0: Ball 1-0: Ball 2-0: Ball 3-0: Swinging Strike 3-1: Swinging Strike 3-2: Strikes out swinging
|
|
Batting: SHB Alex Cavazos
|
0-0: Called Strike 0-1: Ball 1-1: DOUBLE (Line Drive, 7LM, EV 103.8 MPH)
|
|
Batting: SHB Jerry Burrows
|
0-0: Ball 1-0: Ball 2-0: Ball 3-0: Base on Balls
|
|
Batting: SHB Keith Casner
|
0-0: Ball 1-0: Foul Ball, location: 2F 1-1: Ball 2-1: Foul Ball, location: 2F 2-2: Strikes out swinging
|
|
Batting: RHB Jim Freels
|
0-0: Ball 1-0: Foul Ball, location: 2F 1-1: Ball 2-1: Fly out, F9 (Flyball, 89D, EV 103.1 MPH)
|
| Top of the 3rd over - 0 runs, 1 hit, 0 errors, 2 left on base; Binghamton 2 - Great Lakes 5 |
| BOTTOM OF THE 3RD |
|
Great Lakes Loons batting - Pitching for Binghamton Mets : RHP Gabe Kelso
|
|
Batting: RHB Devon Fourcade
|
0-0: Called Strike 0-1: Foul Ball, location: 2F 0-2: Ball 1-2: Ball 2-2: Strikes out swinging
|
|
Batting: RHB Roger Simmons
|
0-0: DOUBLE (Groundball, 5L, EV 106.9 MPH)
|
|
Batting: RHB Trevor Conklin
|
0-0: Swinging Strike 0-1: Ball Wild Pitch! Roger Simmons to third 1-1: Foul Ball, location: 2F 1-2: SINGLE (Line Drive, 7S, EV 93.8 MPH) Roger Simmons scores
|
|
Batting: RHB Roberto Monzon
|
0-0: Called Strike Trevor Conklin steals 2nd base 0-1: DOUBLE (Line Drive, 89M, EV 88.8 MPH) Trevor Conklin scores
|
|
Batting: LHB Enrique Andrade
|
0-0: Called Strike 0-1: Foul Ball, location: 2F 0-2: SINGLE (Groundball, 6S, EV 66.2 MPH) (infield hit) Roberto Monzon to third
|
|
Batting: LHB Stephen Van Raalte
|
0-0: Called Strike 0-1: Ball Enrique Andrade steals 2nd base 1-1: Foul Ball, location: 2F 1-2: Ball 2-2: Foul Ball, location: 2F 2-2: Foul Ball, location: 2F 2-2: Hit by Pitch
|
|
Batting: SHB Todd Hewitt
|
0-0: Ball 1-0: Called Strike 1-1: Ball 2-1: SINGLE (Flyball, 89S, EV 95.0 MPH) Roberto Monzon scores Enrique Andrade to third Stephen Van Raalte to second Runner from 3rd tries for Home, SAFE, throw by RF to home
|
|
Pitching: LHP Jared Deckard
|
|
|
Batting: LHB Kevin Wiebe
|
0-0: Ball 1-0: DOUBLE (Line Drive, 89D, EV 107.5 MPH) Stephen Van Raalte scores Todd Hewitt to third
|
|
Batting: RHB Blake Beale
|
0-0: Called Strike 0-1: Foul Ball, location: 2F 0-2: Strikes out swinging
|
|
Batting: RHB Devon Fourcade
|
0-0: Ball 1-0: Ground out 3-1 (Groundball, 34S, EV 81.2 MPH)
|
| Bottom of the 3rd over - 5 runs, 6 hits, 0 errors, 2 left on base; Binghamton 2 - Great Lakes 10 |
| TOP OF THE 4TH |
|
Binghamton Mets batting - Pitching for Great Lakes Loons : RHP Arturo Naranjo
|
|
Batting: RHB Mike Hanks
|
0-0: SINGLE (Groundball, 34D, EV 96.9 MPH)
|
|
Batting: RHB Michael Youngberry
|
0-0: Foul Ball, location: 2F 0-1: Foul Ball, location: 2F 0-2: Strikes out swinging
|
|
Batting: SHB Masatoshi Akahoshi
|
0-0: Called Strike 0-1: Called Strike 0-2: Strikes out swinging
|
|
Batting: RHB Jack Nickleberry
|
0-0: Ball 1-0: Foul Ball, location: 2F 1-1: Fly out, F9 (Flyball, 9LS, EV 81.2 MPH)
|
| Top of the 4th over - 0 runs, 1 hit, 0 errors, 1 left on base; Binghamton 2 - Great Lakes 10 |
| BOTTOM OF THE 4TH |
|
Great Lakes Loons batting - Pitching for Binghamton Mets : LHP Jared Deckard
|
|
Batting: RHB Roger Simmons
|
0-0: DOUBLE (Flyball, 89D, EV 96.2 MPH)
|
|
Batting: RHB Trevor Conklin
|
0-0: Called Strike 0-1: Ball 1-1: Called Strike 1-2: Foul Ball, location: 2F 1-2: SINGLE (Groundball, 34D, EV 101.9 MPH) Roger Simmons to third
|
|
Batting: RHB Roberto Monzon
|
0-0: Called Strike 0-1: Ball 1-1: Swinging Strike 1-2: Foul Ball, location: 2F 1-2: Strikes out swinging
|
|
Batting: LHB Enrique Andrade
|
0-0: Ball 1-0: Ball 2-0: Ball 3-0: Called Strike 3-1: Base on Balls Trevor Conklin to second
|
|
Batting: LHB Stephen Van Raalte
|
0-0: Ball 1-0: Foul Ball, location: 2F 1-1: Ball 2-1: Foul Ball, location: 2F 2-2: Foul Ball, location: 2F 2-2: Ball 3-2: Foul Ball, location: 2F 3-2: Foul Ball, location: 2F 3-2: Grounds into double play, 4-6-3 (Groundball, 4, EV 83.8 MPH)
|
| Bottom of the 4th over - 0 runs, 2 hits, 0 errors, 2 left on base; Binghamton 2 - Great Lakes 10 |
| TOP OF THE 5TH |
|
Binghamton Mets batting - Pitching for Great Lakes Loons : RHP Arturo Naranjo
|
|
Batting: RHB Chris Artz
|
0-0: Foul Ball, location: 2F 0-1: Ball 1-1: Swinging Strike 1-2: Strikes out swinging, 2-3 out at first.
|
|
Batting: SHB Alex Cavazos
|
0-0: Called Strike 0-1: Foul Ball, location: 2F 0-2: Foul Ball, location: 2F 0-2: Strikes out swinging
|
|
Batting: SHB Jerry Burrows
|
0-0: Ball 1-0: Fly out, F8 (Line Drive, 8LM, EV 99.4 MPH)
|
| Top of the 5th over - 0 runs, 0 hits, 0 errors, 0 left on base; Binghamton 2 - Great Lakes 10 |
| BOTTOM OF THE 5TH |
|
Great Lakes Loons batting - Pitching for Binghamton Mets : LHP Jared Deckard
|
|
Batting: SHB Todd Hewitt
|
0-0: Ball 1-0: Called Strike 1-1: Ball 2-1: Foul Ball, location: 2F 2-2: Ball 3-2: Foul Ball, location: 2F 3-2: Foul Ball, location: 2F 3-2: Strikes out looking
|
|
Pitching: RHP Amare Golden
|
|
|
Batting: LHB Kevin Wiebe
|
0-0: Swinging Strike 0-1: Called Strike 0-2: Ball 1-2: Ball 2-2: Fly out, F9 (Flyball, 89M, EV 72.5 MPH)
|
|
Batting: RHB Blake Beale
|
0-0: Ball 1-0: Ball 2-0: Foul Ball, location: 2F 2-1: Ball 3-1: Base on Balls
|
|
Batting: RHB Devon Fourcade
|
0-0: Reached on error, E6 (Groundball, 6, EV 83.1 MPH) Blake Beale to second
|
|
Batting: RHB Roger Simmons
|
0-0: Called Strike 0-1: Ball 1-1: Foul Ball, location: 2F 1-2: Fielders Choice at 2nd, 6-4 (Groundball, 6, EV 82.5 MPH)
|
| Bottom of the 5th over - 0 runs, 0 hits, 1 error, 2 left on base; Binghamton 2 - Great Lakes 10 |
| TOP OF THE 6TH |
|
Binghamton Mets batting - Pitching for Great Lakes Loons : RHP Arturo Naranjo
|
|
Batting: SHB Keith Casner
|
0-0: Called Strike 0-1: Ball 1-1: Foul Ball, location: 2F 1-2: Ball 2-2: Foul Ball, location: 2F 2-2: Ball 3-2: SINGLE (Groundball, 34D, EV 105.0 MPH)
|
|
Batting: RHB Jim Freels
|
0-0: SINGLE (Groundball, 56D, EV 98.8 MPH) Keith Casner to second
|
|
Batting: RHB Mike Hanks
|
0-0: Grounds into double play, 4-6-3 (Groundball, 4D, EV 97.5 MPH) Keith Casner to third
|
|
Batting: RHB Michael Youngberry
|
0-0: Ball 1-0: Ball 2-0: Ground out 4-3 (Groundball, 4M, EV 79.4 MPH)
|
| Top of the 6th over - 0 runs, 2 hits, 0 errors, 1 left on base; Binghamton 2 - Great Lakes 10 |
| BOTTOM OF THE 6TH |
|
Great Lakes Loons batting - Pitching for Binghamton Mets : RHP Amare Golden
|
|
Batting: RHB Trevor Conklin
|
0-0: Ball 1-0: Foul Ball, location: 2F 1-1: Fly out, F6 (Line Drive, 6, EV 68.1 MPH)
|
|
Batting: RHB Roberto Monzon
|
0-0: Called Strike 0-1: Hit by Pitch
|
|
Batting: LHB Enrique Andrade
|
0-0: Called Strike 0-1: Foul Ball, location: 2F 0-2: Strikes out swinging
|
|
Batting: LHB Stephen Van Raalte
|
0-0: Foul Ball, location: 2F 0-1: Foul Ball, location: 2F 0-2: Ball 1-2: Fly out, F9 (Flyball, 9D, EV 100.0 MPH)
|
| Bottom of the 6th over - 0 runs, 0 hits, 0 errors, 1 left on base; Binghamton 2 - Great Lakes 10 |
| TOP OF THE 7TH |
|
Binghamton Mets batting - Pitching for Great Lakes Loons : RHP Arturo Naranjo
|
|
Batting: SHB Masatoshi Akahoshi
|
0-0: Ball 1-0: Called Strike 1-1: Foul Ball, location: 2F 1-2: Strikes out swinging
|
|
Batting: RHB Jack Nickleberry
|
0-0: Swinging Strike 0-1: Ball 1-1: Ball 2-1: Called Strike 2-2: Reached on error, E6 (Groundball, 56, EV 77.5 MPH)
|
|
Batting: RHB Chris Artz
|
0-0: Ball 1-0: Ball 2-0: Ball 3-0: Base on Balls Jack Nickleberry to second
|
|
Batting: SHB Alex Cavazos
|
0-0: SINGLE (Groundball, 4MD, EV 96.9 MPH) Jack Nickleberry to third Chris Artz to second
|
|
Batting: SHB Jerry Burrows
|
0-0: Called Strike 0-1: Called Strike 0-2: Fielders Choice at 2nd, 6-4 (Groundball, 6, EV 84.4 MPH) Jack Nickleberry scores Chris Artz to third
|
|
Batting: SHB Keith Casner
|
0-0: SINGLE (Groundball, 34D, EV 104.4 MPH) Chris Artz scores Jerry Burrows to second Runner from 2nd tries for 3rd, SAFE, throw by RF made to third
|
|
Batting: RHB Jim Freels
|
0-0: Ball 1-0: Ball 2-0: Ball 3-0: Foul Ball, location: 2F 3-1: Called Strike 3-2: Foul Ball, location: 2F 3-2: Foul Ball, location: 2F 3-2: Strikes out swinging
|
| Top of the 7th over - 2 runs, 2 hits, 1 error, 2 left on base; Binghamton 4 - Great Lakes 10 |
| BOTTOM OF THE 7TH |
|
Great Lakes Loons batting - Pitching for Binghamton Mets : RHP Amare Golden
|
|
Batting: SHB Todd Hewitt
|
0-0: Called Strike 0-1: Ball 1-1: Called Strike 1-2: Ball 2-2: SINGLE (Groundball, 4D, EV 96.2 MPH)
|
|
Pitching: RHP Ryan Wilson
|
|
|
Batting: LHB Kevin Wiebe
|
0-0: Called Strike Todd Hewitt is caught stealing 2nd base 2-6 0-1: Fly out, F5 (Popup, 15, EV 80.0 MPH)
|
|
Batting: RHB Blake Beale
|
0-0: Ball 1-0: Called Strike 1-1: Called Strike 1-2: Foul Ball, location: 2F 1-2: Ground out 5-3 (Groundball, 56, EV 101.9 MPH)
|
| Bottom of the 7th over - 0 runs, 1 hit, 0 errors, 0 left on base; Binghamton 4 - Great Lakes 10 |
| TOP OF THE 8TH |
|
Binghamton Mets batting - Pitching for Great Lakes Loons : RHP Arturo Naranjo
|
|
Pitching: RHP J.J. Riley
|
|
|
Batting: RHB Mike Hanks
|
0-0: Fly out, F9 (Flyball, 89S, EV 80.6 MPH)
|
|
Batting: RHB Michael Youngberry
|
0-0: Swinging Strike 0-1: Foul Ball, location: 2F 0-2: Strikes out swinging
|
|
Batting: SHB Masatoshi Akahoshi
|
0-0: Ball 1-0: Ball 2-0: DOUBLE (Line Drive, 78M, EV 106.9 MPH)
|
|
Batting: RHB Jack Nickleberry
|
0-0: Ball 1-0: Ground out 5-3 (Groundball, 5, EV 100.0 MPH)
|
| Top of the 8th over - 0 runs, 1 hit, 0 errors, 1 left on base; Binghamton 4 - Great Lakes 10 |
| BOTTOM OF THE 8TH |
|
Great Lakes Loons batting - Pitching for Binghamton Mets : RHP Ryan Wilson
|
|
Batting: RHB Devon Fourcade
|
0-0: Ball 1-0: Ball 2-0: Ball 3-0: Base on Balls
|
|
Batting: RHB Roger Simmons
|
0-0: Ball 1-0: Foul Ball, location: 2F 1-1: Ball 2-1: Fielders Choice at 2nd, 6-4 (Groundball, 6S, EV 83.1 MPH)
|
|
Batting: RHB Trevor Conklin
|
0-0: Ball 1-0: Ball 2-0: Ball 3-0: Called Strike 3-1: Base on Balls Roger Simmons to second
|
|
Batting: RHB Roberto Monzon
|
0-0: Swinging Strike 0-1: SINGLE (Groundball, 6, EV 96.2 MPH) Roger Simmons to third Trevor Conklin to second
|
|
Batting: LHB Enrique Andrade
|
0-0: Ball 1-0: Swinging Strike 1-1: Swinging Strike 1-2: Strikes out looking
|
|
Batting: LHB Stephen Van Raalte
|
0-0: Called Strike 0-1: Ball 1-1: Ball 2-1: Foul Ball, location: 2F 2-2: Foul Ball, location: 2F 2-2: Ball 3-2: Base on Balls Roger Simmons scores Trevor Conklin to third Roberto Monzon to second
|
|
Pinch Hitting: RHB David Rodgers
|
0-0: Fly out, F8 (Flyball, 8LD, EV 103.8 MPH)
|
| Bottom of the 8th over - 1 run, 1 hit, 0 errors, 3 left on base; Binghamton 4 - Great Lakes 11 |
| TOP OF THE 9TH |
|
Binghamton Mets batting - Pitching for Great Lakes Loons : RHP J.J. Riley
|
|
Now at 1B: David Rodgers
|
|
|
Batting: RHB Chris Artz
|
0-0: Called Strike 0-1: Ball 1-1: Ground out 6-3 (Groundball, 6, EV 78.8 MPH)
|
|
Batting: SHB Alex Cavazos
|
0-0: Ball 1-0: Called Strike 1-1: Ground out 4-3 (Groundball, 4, EV 108.8 MPH)
|
|
Batting: SHB Jerry Burrows
|
0-0: Fly out, F6 (Popup, 56D, EV 49.4 MPH)
|
| Top of the 9th over - 0 runs, 0 hits, 0 errors, 0 left on base; Binghamton 4 - Great Lakes 11 |
|